 Dungeon Crawl Stone Soup version 0.32-a0-940-g8c197d95f1 (webtiles) character file.

Game seed: 7378812741484119004

32726 Ijustatesigmund the Destroyer (level 13, -12/100 HPs)
             Began as a Gnoll Conjurer on Apr 15, 2024.
             Was a Priest of Vehumet.
             Shot with an arrow by a centaur warrior (17 damage)
             ... on level 14 of the Dungeon on Apr 16, 2024.
             The game lasted 00:54:30 (25400 turns).

Ijustatesigmund the Destroyer (Gnoll Conjurer)     Turns: 25400, Time: 00:54:30

Health: -12/100    AC: 13    Str:  7    XL:     13   Next: 66%
Magic:  26/36      EV: 19    Int: 21    God:    Vehumet [***...]
Gold:   447        SH:  0    Dex: 14    Spells: 15/32 levels left

rFire   + + +        f - +7 long sword of Rica {flame, *Rage rF+++ Dex+2}
rCold   . . .        (no shield)
rNeg    . . .        b - +0 acid dragon scales
rPois   .            (no helmet)
rElec   .            k - +1 cloak
rCorr   +            t - +1 pair of gloves
SInv    .            (no boots)
Will    .....        N - amulet of magic regeneration
Stlth   ++++         J - ring of magical power
HPRegen 0.36/turn    e - +5 ring of evasion
MPRegen 0.65/turn

%: random rage (20%)
@: hasted, very quick
A: fangs 1, strong nose, distributed training
a: Renounce Religion


You were on level 14 of the Dungeon.
You worshipped Vehumet.
Vehumet was most pleased with you.
You visited 1 branch of the dungeon, and saw 14 of its levels.
You also visited: Ice Cave.

You collected 917 gold pieces.
You spent 470 gold pieces at shops.

Inventory:

Hand Weapons
 f - the +7 long sword of Rica (weapon) {flame, *Rage rF+++ Dex+2}
   (You bought it in a shop on level 10 of the Dungeon)

   Dex+2:     It affects your dexterity (+2).
   rF+++:     It renders you almost immune to fire.
   *Rage:     It berserks you when you make melee attacks (+20% chance).
 o - a +0 morningstar
 D - a +3 long sword
Missiles
 x - a throwing net
Armour
 a - +1 steam dragon scales
 b - +0 acid dragon scales (worn)
 k - a +1 cloak (worn)
 t - a +1 pair of gloves (worn)
 u - a scarf of resistance
 w - a +0 troll leather armour {Pargi}
 y - a +2 crystal plate armour of cold resistance
Jewellery
 e - a +5 ring of evasion (right hand)
 m - a ring of fire
 n - a ring of protection from fire
 F - a ring of ice
 H - a +6 ring of strength
 J - a ring of magical power (left hand)
 K - a ring of resist corrosion
 N - an amulet of magic regeneration (around neck)
Wands
 z - a wand of flame (15)
 I - a wand of digging (5)
Scrolls
 c - a scroll of fog
 d - a scroll of identify
 l - 2 scrolls of amnesia
 p - a scroll of enchant armour
 r - 3 scrolls of revelation
 s - a scroll of poison
 L - a scroll of noise
Potions
 g - a potion of attraction
 h - a potion of lignification
 i - 4 potions of brilliance
 j - 5 potions of ambrosia
 q - 2 potions of mutation
 v - a potion of enlightenment
 E - a potion of curing
 G - a potion of berserk rage
 M - a potion of magic


   Skills:
 + Level 8.8 Fighting
 + Level 8.8 Short Blades
 + Level 8.8 Long Blades
 + Level 8.8 Axes
 + Level 8.8 Maces & Flails
 + Level 8.8 Polearms
 + Level 8.8 Staves
 + Level 8.8 Ranged Weapons
 + Level 8.8 Throwing
 + Level 8.8 Armour
 + Level 10.0 Dodging
 + Level 9.8 Stealth
 + Level 8.8 Shields
 + Level 8.8 Unarmed Combat
 + Level 10.2 Spellcasting
 + Level 10.3 Conjurations
 + Level 7.3 Hexes
 + Level 7.3 Summonings
 + Level 7.3 Necromancy
 + Level 7.3 Translocations
 + Level 7.3 Fire Magic
 + Level 7.3 Ice Magic
 + Level 7.3 Air Magic
 + Level 7.3 Earth Magic
 + Level 7.3 Alchemy
 + Level 9.6 Invocations
 + Level 8.8 Evocations
 + Level 8.0 Shapeshifting


You had 15 spell levels left.
You knew the following spells:

 Your Spells              Type           Power      Damage    Failure   Level
a - Magic Dart            Conj           100%       1d8       1%          1
b - Searing Ray           Conj           100%       2d8       1%          2
c - Iskenderun's Mystic   Conj/Tloc      47%        2d10      (+2d51%     4
d - Frozen Ramparts       Ice            82%        1d13      1%          3
e - Foxfire               Conj/Fire      100%       2x1d9     1%          1
f - Ozocubu's Armour      Ice            41%        N/A       1%          3
g - Stone Arrow           Conj/Erth      94%        3d12      1%          3

Your spell library contained the following spells:

 Spells                   Type           Power      Damage    Failure   Level
 Apportation              Tloc           82%        N/A       1%          1
 Necrotise                Necr           100%       1d9       1%          1
 Ensorcelled Hibernation  Hex/Ice        82%        N/A       1%          2
 Jinxbite                 Hex            82%        N/A       1%          2
 Fugue of the Fallen      Necr           41%        N/A       1%          3
 Vampiric Draining        Necr           41%        2d8       1%          3
 Fulminant Prism          Conj/Alch      23%        3d12      1%          4
 Anguish                  Hex/Necr       20%        N/A       5%          4
 Martyr's Knell           Necr/Summ      41%        N/A       5%          4
 Alistair's Intoxication  Alch           27%        N/A       14%         5
 Curse of Agony           Necr           41%        N/A       14%         5
 Metabolic Englaciation   Hex/Ice        20%        N/A       14%         5
 Summon Forest            Summ/Tloc      20%        N/A       14%         5
 Summon Mana Viper        Hex/Summ       41%        N/A       14%         5
 Summon Cactus Giant      Summ           20%        N/A       63%         6
 Haunt                    Necr/Summ      20%        N/A       99%         7
 Borgnjor's Revivificati  Necr           20%        N/A       100%        8
 Death's Door             Necr           20%        N/A       100%        9


Dungeon Overview and Level Annotations

Branches:
Dungeon (14/15)            Temple (0/1) D:4            Lair (0/5) D:8
    Orc (0/2) D:11          IceCv (visited)
 Vaults: D:13-14

Altars:
Ashenzari
Cheibriados
Fedhas
Gozag
Hepliaklqana
Makhleb
Okawaru
Qazlal
Trog
Vehumet
Xom
Yredelemnul
The Shining One
Jiyva

Shops:
D:10 (?

Annotations:
D:6 3 runed translucent doors, P0WERM0DE's ghost, novice CoCK
D:9 3 runed translucent doors, ElPadre's ghost, novice DrBe
D:11 3 runed translucent doors, ouz's ghost, journeyman CoGl
D:12 3 runed translucent doors, DryNick's ghost, journeyman MiHu


Innate Abilities, Weirdness & Mutations

You have very sharp teeth.
Your uncanny sense of smell can sniff out nearby items.
Your experience applies equally to all skills.


Message History

You kill the cyan ugly thing!
Vehumet accepts your kill.
You feel your power returning.
Aiming: Throw Flame
Press: ? - help, Shift-Dir - straight line, f - green ugly thing
Aim: a green ugly thing (76% to hit)
The puff of flame hits the green ugly thing.
The green ugly thing is lightly wounded.
The wall freezes the green ugly thing but does no damage.
Casting: Iskenderun's Mystic Blast (mildly dangerous; 1% risk of failure)
Confirm with . or Enter, or press ? or * to list all spells.
You erupt in a blast of force!
The mystic blast hits the green ugly thing!
The green ugly thing is moderately wounded.
The green ugly thing is knocked back by the mystic blast.
Your surroundings suddenly seem different.
The frozen ramparts melt away as you move.
A sphinx, an efreet, a fire dragon, a centaur warrior and 3 red ugly things come into view.
The efreet is wielding a +0 scimitar of flaming.
Found a book of Geomancy, a scroll of teleportation, a glaive and 6 stones.
The fire dragon roars deafeningly!
The red ugly thing gurgles horribly!
You hear a shout! x2
The fire dragon breathes flames at you. The blast of flame hits you.
You resist.
* * * LOW HITPOINT WARNING * * *
Blink to where?
Press: ? - help, Dir - move target A war gargoyle comes into view.
It is wielding a +0 dire flail.
Found 43 gold pieces and a scroll labelled RICSEH ALEPY.
As you read the scroll of blinking, it crumbles to dust.
The centaur warrior wields a +0 shortbow.
The centaur warrior shoots an arrow.
The arrow hits you but does no damage.
The war gargoyle launches metal splinters at you.
The spray of metal splinters misses you.
The centaur warrior shoots an arrow.
The arrow hits you!
* * * LOW HITPOINT WARNING * * *
The red ugly thing gurgles horribly!
You feel yourself speed up.
The centaur warrior shoots an arrow.
The arrow hits you!
You die...

# # ###.###
######.....######
###(......uu.@..9.#
#.H...§.............#
####)?:..ucD..$?$####
######☼R.###### #####


You could see a fire dragon, 3 ugly things, a centaur warrior, a war gargoyle
(catching breath) and an efreet.

Vanquished Creatures
  The ghost of Cemetearum the Unseen, a journeyman KoDe of Uskayaw (D:13)
  A rakshasa (D:14)
  5 centaur warriors (D:13)
  2 two-headed ogres
  A death yak (D:10)
  A boulder beetle (D:12)
  A tengu warrior (D:13)
  Sonja (D:12)
  An arcanist (D:13)
  10 ugly things
  4 cyclopes
  A manticore (D:12)
  3 ice statues (IceCv)
  A meliai (D:13)
  A kobold demonologist (D:11)
  2 komodo dragons (D:8)
  2 unseen horrors
  A freezing wraith (IceCv)
  A tengu conjurer (D:13)
  2 ice devils (D:11)
  2 trolls (D:12)
  A queen bee (D:13)
  2 hornets (D:13)
  7 slime creatures
  Sigmund (D:4)
  5 shadows
  A wraith (D:11)
  A vampire (D:9)
  A centaur simulacrum (D:10)
  2 wyverns
  A yak (shapeshifter) (D:9)
  22 yaks
  21 vampire mosquitoes
  4 steam dragons
  2 acid dragons
  2 harpy simulacra (IceCv)
  A water moccasin (D:8)
  A sky beast (D:7)
  2 black bears
  4 orc warriors
  5 ice beasts
  Pargi (D:4)
  A hornet zombie (D:9)
  An ogre (D:4)
  5 centaurs
  2 phantoms
  2 kobold brigands
  2 bullfrogs
  2 cane toad simulacra (IceCv)
  6 wights
  9 killer bees
  An electric eel (D:10)
  8 howler monkeys
  A crimson imp (D:9)
  2 jellies (D:5)
  A centaur zombie (D:9)
  2 hounds
  3 orc priests
  A sleepcap (D:6)
  23 orc wizards
  Terence (D:2)
  3 wolf simulacra (IceCv)
  Robin (D:4)
  4 adders
  A shadow imp (D:7)
  6 white imps
  2 ufetubi (D:10)
  3 dart slugs
  59 orcs
  5 endoplasms
  2 giant cockroaches (D:2)
  14 goblins
  6 hobgoblins
  3 jackals (D:3)
  3 quokkas
  2 ball pythons
  6 bats
  3 frilled lizards
  11 kobolds
  6 rats
344 creatures vanquished.

Vanquished Creatures (others)
  A hobgoblin (D:4)
  19 foxfires (IceCv)
20 creatures vanquished.

Grand Total: 364 creatures vanquished

Notes
Turn   | Place    | Note
-------+----------+-------------------------------------------
     0 | D:1      | Ijustatesigmund the Gnoll Conjurer began the quest for the
                  | Orb.
     0 | D:1      | Reached XP level 1. HP: 13/13 MP: 6/6
   211 | D:1      | Reached XP level 2. HP: 16/19 MP: 4/7
   242 | D:1      | Learned a level 2 spell: Searing Ray
   242 | D:1      | Upgraded the game from 0.32-a0-938-g40ac7a0f4d to
                  | 0.32-a0-940-g8c197d95f1
   501 | D:1      | Found a faded altar of an unknown god.
  1195 | D:2      | Reached skill level 5 in Spellcasting
  1195 | D:2      | Reached XP level 3. HP: 25/25 MP: 5/9
  1359 | D:2      | Reached skill level 1 in Invocations
  1579 | D:2      | Noticed Terence
  1583 | D:2      | Killed Terence
  1584 | D:2      | Reached skill level 1 in Fighting
  1584 | D:2      | Reached skill level 1 in Short Blades
  1584 | D:2      | Reached skill level 1 in Long Blades
  1584 | D:2      | Reached skill level 1 in Axes
  1584 | D:2      | Reached skill level 1 in Maces & Flails
  1584 | D:2      | Reached skill level 1 in Polearms
  1584 | D:2      | Reached skill level 1 in Staves
  1584 | D:2      | Reached skill level 1 in Ranged Weapons
  1584 | D:2      | Reached skill level 1 in Throwing
  1584 | D:2      | Reached skill level 1 in Armour
  1584 | D:2      | Reached skill level 1 in Shields
  1584 | D:2      | Reached skill level 1 in Unarmed Combat
  1584 | D:2      | Reached skill level 1 in Evocations
  1584 | D:2      | Reached skill level 1 in Shapeshifting
  1584 | D:2      | Reached XP level 4. HP: 32/32 MP: 4/11
  1758 | D:2      | Found a bloodstained altar of Trog.
  1876 | D:3      | Found a snail-covered altar of Cheibriados.
  2019 | D:3      | Reached skill level 1 in Hexes
  2019 | D:3      | Reached skill level 1 in Summonings
  2019 | D:3      | Reached skill level 1 in Necromancy
  2019 | D:3      | Reached skill level 1 in Translocations
  2019 | D:3      | Reached skill level 1 in Fire Magic
  2019 | D:3      | Reached skill level 1 in Ice Magic
  2019 | D:3      | Reached skill level 1 in Air Magic
  2019 | D:3      | Reached skill level 1 in Earth Magic
  2019 | D:3      | Reached skill level 1 in Alchemy
  2487 | D:3      | Reached XP level 5. HP: 37/37 MP: 8/12
  2564 | D:3      | Learned a level 4 spell: Iskenderun's Mystic Blast
  2592 | D:4      | Noticed an ogre
  2637 | D:4      | Found an opulent altar of Gozag.
  3121 | D:4      | Killed an ogre
  3230 | D:4      | Noticed Pargi
  3235 | D:4      | Killed Pargi
  3236 | D:4      | Reached skill level 5 in Dodging
  3236 | D:4      | Reached XP level 6. HP: 44/44 MP: 7/14
  3328 | D:4      | Noticed Sigmund
  3339 | D:4      | Killed Sigmund
  3340 | D:4      | Reached XP level 7. HP: 32/51 MP: 7/15
  3494 | D:4      | Noticed Robin
  3507 | D:4      | Killed Robin
  4179 | D:4      | Found a staircase to the Ecumenical Temple.
  4563 | D:4      | Reached skill level 5 in Stealth
  4682 | D:5      | Entered Level 5 of the Dungeon
  4717 | D:5      | Identified the +7 dagger of Winter {heavy, rElec Will+}
  5122 | D:5      | Reached XP level 8. HP: 58/58 MP: 11/16
  7145 | D:6      | Found a runed translucent gate.
  7146 | D:6      | Found a runed translucent gate.
  7147 | D:6      | Found a runed translucent gate.
  7150 | D:6      | Noticed P0WERM0DE's ghost (novice CoCK)
  7326 | D:7      | Reached XP level 9. HP: 60/65 MP: 10/18
  7470 | D:7      | Found a stormy altar of Qazlal.
  8873 | D:7      | Found a broken altar of Ashenzari.
  9528 | D:8      | Reached skill level 5 in Invocations
  9705 | D:8      | Reached skill level 5 in Fighting
  9705 | D:8      | Reached skill level 5 in Short Blades
  9705 | D:8      | Reached skill level 5 in Long Blades
  9705 | D:8      | Reached skill level 5 in Axes
  9705 | D:8      | Reached skill level 5 in Maces & Flails
  9705 | D:8      | Reached skill level 5 in Polearms
  9705 | D:8      | Reached skill level 5 in Staves
  9705 | D:8      | Reached skill level 5 in Ranged Weapons
  9705 | D:8      | Reached skill level 5 in Throwing
  9705 | D:8      | Reached skill level 5 in Armour
  9705 | D:8      | Reached skill level 5 in Shields
  9705 | D:8      | Reached skill level 5 in Unarmed Combat
  9705 | D:8      | Reached skill level 5 in Evocations
  9705 | D:8      | Reached XP level 10. HP: 29/74 MP: 0/20
 10892 | D:8      | Found a glowing golden altar of the Shining One.
 10913 | D:8      | Found a radiant altar of Vehumet.
 11212 | D:8      | Became a worshipper of Vehumet
 11445 | D:8      | Found a staircase to the Lair.
 12102 | D:8      | Reached skill level 5 in Shapeshifting
 13074 | D:9      | Found an iron altar of Okawaru.
 13690 | D:9      | Noticed a salamander
 13864 | D:9      | Learned a level 3 spell: Frozen Ramparts
 13954 | D:9      | Reached skill level 5 in Hexes
 13954 | D:9      | Reached skill level 5 in Summonings
 13954 | D:9      | Reached skill level 5 in Necromancy
 13954 | D:9      | Reached skill level 5 in Translocations
 13954 | D:9      | Reached skill level 5 in Fire Magic
 13954 | D:9      | Reached skill level 5 in Ice Magic
 13954 | D:9      | Reached skill level 5 in Air Magic
 13954 | D:9      | Reached skill level 5 in Earth Magic
 13954 | D:9      | Reached skill level 5 in Alchemy
 13958 | D:9      | Reached XP level 11. HP: 65/81 MP: 9/22
 14228 | D:9      | Found a shimmering altar of Xom.
 14228 | D:9      | Found a burning altar of Makhleb.
 14503 | D:9      | Found a runed translucent gate.
 14503 | D:9      | Found a runed translucent gate.
 14503 | D:9      | Found a runed translucent gate.
 14503 | D:9      | Noticed ElPadre's ghost (novice DrBe)
 14506 | D:9      | Found a basalt altar of Yredelemnul.
 14881 | D:10     | Entered Level 10 of the Dungeon
 15371 | D:10     | Noticed a death yak
 15396 | D:10     | Killed a death yak
 15805 | D:10     | Found Arhero's Magic Scroll Boutique.
 15811 | D:10     | Bought a scroll of identify for 20 gold pieces
 15811 | D:10     | Bought a scroll of blinking for 75 gold pieces
 15811 | D:10     | Bought a scroll of identify for 20 gold pieces
 15811 | D:10     | Bought a scroll of revelation for 75 gold pieces
 16195 | D:10     | Found a hazy altar of Hepliaklqana.
 16300 | D:10     | Found a blossoming altar of Fedhas.
 16376 | D:10     | Reached * piety under Vehumet
 16376 | D:10     | Offered knowledge of Foxfire by Vehumet.
 16589 | D:10     | Found Fyblere's Antique Weapon Emporium.
 16753 | D:10     | Bought a glimmering long sword for 280 gold pieces
 16753 | D:10     | Identified the +7 long sword of Rica {flame, *Rage rF+++
                  | Dex+2} (You bought it in a shop on level 10 of the Dungeon)
 17014 | D:11     | Noticed a two-headed ogre
 17103 | D:11     | Noticed a red ugly thing
 17119 | D:11     | Killed a red ugly thing
 17162 | D:11     | Killed a two-headed ogre
 17184 | D:11     | Found a frozen archway.
 17341 | IceCv    | Entered an ice cave
 17750 | IceCv    | Learned a level 1 spell: Foxfire
 17864 | IceCv    | Learned a level 3 spell: Ozocubu's Armour
 18007 | IceCv    | Noticed a white ugly thing
 18041 | IceCv    | Killed a white ugly thing
 18041 | IceCv    | Offered knowledge of Momentum Strike by Vehumet.
 18289 | IceCv    | Reached ** piety under Vehumet
 18290 | IceCv    | Reached XP level 12. HP: 91/91 MP: 24/24
 18898 | D:11     | Noticed a minotaur
 18900 | D:11     | Noticed ouz's ghost (journeyman CoGl)
 18918 | D:11     | Found a runed translucent gate.
 19188 | D:11     | Found a runed translucent gate.
 19188 | D:11     | Found a runed translucent gate.
 19213 | D:11     | Found a staircase to the Orcish Mines.
 19219 | D:11     | Identified the +1 rapier of a sewer {freeze, rF++ rC+
                  | Str-2}
 20002 | D:12     | Noticed a two-headed ogre
 20214 | D:12     | Noticed Sonja
 20397 | D:12     | Noticed a boulder beetle
 20404 | D:12     | Killed Sonja
 20406 | D:12     | Killed a boulder beetle
 21309 | D:12     | Found a runed translucent gate.
 21310 | D:12     | Found a runed translucent gate.
 21310 | D:12     | Found a runed translucent gate.
 21310 | D:12     | Noticed an azure jelly
 21310 | D:12     | Noticed an acid blob
 21310 | D:12     | Noticed an acid blob
 21310 | D:12     | Noticed an acid blob
 21312 | D:12     | Noticed an acid blob
 21312 | D:12     | Noticed an azure jelly
 21312 | D:12     | Noticed DryNick's ghost (journeyman MiHu)
 21314 | D:12     | Noticed an azure jelly
 21314 | D:12     | Noticed a rockslime
 21314 | D:12     | Noticed an azure jelly
 21405 | D:12     | Killed a two-headed ogre
 22163 | D:12     | Identified the +0 scale mail of the Bull {rPois rF+ Will+}
 22551 | D:13     | Noticed a centaur warrior
 22557 | D:13     | Killed a centaur warrior
 23339 | D:12     | Found a viscous altar of Jiyva.
 23399 | D:13     | Noticed a centaur warrior
 23408 | D:13     | Killed a centaur warrior
 23409 | D:13     | Reached XP level 13. HP: 54/98 MP: 26/26
 23930 | D:13     | Reached skill level 10 in Conjurations
 24026 | D:13     | Found a transporter.
 24034 | D:13     | Found a transporter.
 24116 | D:13     | Offered knowledge of Stone Arrow by Vehumet.
 24466 | D:13     | Noticed Cemetearum's ghost (journeyman KoDe)
 24664 | D:13     | Killed Cemetearum's ghost
 24680 | D:13     | Reached *** piety under Vehumet
 24685 | D:13     | Reached skill level 10 in Spellcasting
 24957 | D:13     | Learned a level 3 spell: Stone Arrow
 25290 | D:14     | Noticed a rakshasa
 25308 | D:14     | Killed a rakshasa
 25396 | D:14     | Reached skill level 10 in Dodging
 25398 | D:14     | Noticed a sphinx
 25398 | D:14     | Noticed a fire dragon
 25399 | D:14     | Noticed a war gargoyle
 25399 | D:14     | HP: 5/100 [centaur warrior/arrow (14)]
 25400 | D:14     | Shot with an arrow by a centaur warrior

Illustrated notes

Levels and vault maps discovered:
D:1:      ldierk_walled_garden, layout_basic, basic_ecumenical_altar
D:2:      layout_basic, basic_altar, hex_medium, uniq_terence
D:3:      layout_rooms, nicolae_overflow_crystal_walls
D:4:      layout_loops_corners, grunt_gozag_breadcrumbs,
          minmay_temple_entry_junction_2, uniq_sigmund, uniq_pargi, uniq_robin
D:5:      layout_loops_cross, chequers_serial_rivers_room_a,
          chequers_hall_statues_y
D:6:      layout_rooms, ebering_ghost_rock_garden
D:7:      layout_loops_ring, mainiacjoe_overflow_catwalk, kennysheep_mini_moat,
          grunt_ministairs_7
D:8:      layout_cave_pools, jmf_multi_god_temple2, david_lair_shrubbed
D:9:      minmay_flawed_box, layout_loops_corners,
          mainiacjoe_overflow_concentric_impassable,
          grunt_temple_overflow_champion_of_chaos,
          nicolae_yredelemnul_ghost_church, serial_bayou_pond_a,
          minmay_three_doors
D:10:     layout_loops_ring, mainiacjoe_overflow_tiny_flanked,
          mainiacjoe_overflow_brackets, serial_ice, serial_ice_f, serial_ice_g,
          serial_ice_n, serial_ice_l, serial_ice_d, serial_shops,
          nicolae_shop_waterfront, nicolae_shop_rolling_square
D:11:     layout_small_grid, orc_0_dummy, serial_glass, glass_columns_c,
          glass_columns_b, item_on_display_b, maelrawn_ghost_gauntlet_escape,
          portal_ice_cave_demonic_guard, ebering_dispersal_statue_hall
D:12:     layout_small_grid, gammafunk_ghost_ooze, uniq_sonja
D:13:     layout_basic, gammafunk_ghost_hive
D:14:     thingy_vault, layout_small_grid, david_vaults_2, serial_shops, shop

Skill      XL: |  1  2  3  4  5  6  7  8  9 10 11 12 13 |
---------------+----------------------------------------+-----
Spellcasting   | 5 6 7 8 9 10 | 10.2
Invocations    | 1 2 3 4 5 6 7 8 9 |  9.6
Fighting       | 1 2 3 5 6 7 8 |  8.8
Short Blades   | 1 2 3 5 6 7 8 |  8.8
Long Blades    | 1 2 3 5 6 7 8 |  8.8
Axes           | 1 2 3 5 6 7 8 |  8.8
Maces & Flails | 1 2 3 5 6 7 8 |  8.8
Polearms       | 1 2 3 5 6 7 8 |  8.8
Staves         | 1 2 3 5 6 7 8 |  8.8
Ranged Weapons | 1 2 3 5 6 7 8 |  8.8
Throwing       | 1 2 3 5 6 7 8 |  8.8
Armour         | 1 2 3 5 6 7 8 |  8.8
Shields        | 1 2 3 5 6 7 8 |  8.8
Unarmed Combat | 1 2 3 5 6 7 8 |  8.8
Evocations     | 1 2 3 5 6 7 8 |  8.8
Shapeshifting  | 1 2 3 4 5 6 7 8 |  8.0
Hexes          | 1 2 3 4 5 6 7 |  7.3
Summonings     | 1 2 3 4 5 6 7 |  7.3
Necromancy     | 1 2 3 4 5 6 7 |  7.3
Translocations | 1 2 3 4 5 6 7 |  7.3
Fire Magic     | 1 2 3 4 5 6 7 |  7.3
Ice Magic      | 1 2 3 4 5 6 7 |  7.3
Air Magic      | 1 2 3 4 5 6 7 |  7.3
Earth Magic    | 1 2 3 4 5 6 7 |  7.3
Alchemy        | 1 2 3 4 5 6 7 |  7.3
Dodging        | 5 6 7 8 9 10 | 10.0
Stealth        | 5 6 7 8 9 |  9.8
Conjurations   | 8 9 10 | 10.3

Action                     |  1- 3 |  4- 6 |  7- 9 | 10-12 | 13-15 || total
---------------------------+-------+-------+-------+-------+-------++-------
  Melee: Unarmed           |     6 |       |       |       |       ||     6
         Bite              |     2 |       |    18 |    48 |    10 ||    78
         Whip              |       |    25 |   119 |   141 |       ||   285
         Long sword        |       |       |       |   195 |    52 ||   247
   Cast: Magic Dart        |    46 |    35 |   123 |    97 |     5 ||   306
         Searing Ray       |     1 |     6 |    25 |    39 |    12 ||    83
         Iskenderun's Myst |       |       |    25 |   101 |    18 ||   144
         Frozen Ramparts   |       |       |       |    21 |    10 ||    31
         Foxfire           |       |       |       |    12 |       ||    12
         Ozocubu's Armour  |       |       |       |    10 |     6 ||    16
  Evoke: Wand              |       |       |     4 |    26 |     2 ||    32
    Use: Scroll            |     2 |     1 |    10 |    19 |     3 ||    35
         Potion            |       |       |       |    10 |     1 ||    11
   Stab: Sleeping          |     1 |       |       |     2 |     1 ||     4
         Invisible         |       |       |       |     4 |       ||     4
         Distracted        |       |       |       |     1 |       ||     1
 Armour: Robe              |     8 |    20 |   108 |    15 |       ||   151
         Steam dragon scal |       |       |       |   196 |       ||   196
         Crystal plate arm |       |       |       |    62 |       ||    62
         Acid dragon scale |       |       |       |    72 |    86 ||   158
  Dodge: Dodged            |     9 |    14 |   106 |   303 |    96 ||   528

Table legend: (Time is in decaauts)
 A = Elapsed time spent in this place.
 B = Non-inter-level travel time spent in this place.
 C = Inter-level travel time spent in this place.
 D = Time resting spent in this place.
 E = Time spent auto-exploring this place.
 F = Levels seen in this place.
 G = Mean time per level.
                   A        B        C        D        E       F      G
               +--------+--------+--------+--------+--------+-----+--------+
         Total |  25557 |  25155 |    402 |  11879 |  10247 |  15 | 1703.8 |
       Dungeon |  24068 |  23666 |    402 |  10643 |  10243 |  14 | 1719.1 |
      Ice Cave |   1488 |   1488 |      0 |   1235 |      4 |   1 | 1488.0 |
               +--------+--------+--------+--------+--------+-----+--------+

Top non-repeatable levels by time:
     D:7: 2644 daAuts
    D:13: 2503 daAuts
     D:8: 2491 daAuts
     D:9: 2430 daAuts
    D:11: 2347 daAuts
    D:10: 2284 daAuts
     D:4: 2077 daAuts
    D:12: 1960 daAuts
     D:5: 1603 daAuts
   IceCv: 1488 daAuts
     D:1: 1144 daAuts
     D:6: 1001 daAuts
     D:2: 730 daAuts
     D:3: 729 daAuts
    D:14: 118 daAuts
